 Dungeon Crawl Stone Soup version 0.30-a0-739-gea05faddec (webtiles) character file.

Game seed: 10642703315209524234

2358 jimonade the Thaumaturge (level 9, -1/57 HPs)
             Began as a Djinni Hedge Wizard on Feb 4, 2023.
             Was an Initiate of Ashenzari.
             Slain by Joseph
             ... wielding a +0 quarterstaff
              (8 damage)
             ... on level 7 of the Dungeon.
             The game lasted 00:14:50 (6479 turns).

jimonade the Thaumaturge (Djinni Hedge Wizard)      Turns: 6479, Time: 00:14:50

Health: -1/57      AC:  4    Str: 11    XL:     9   Next: 72%
Gold:   465        EV: 12    Int: 17    God:    Ashenzari [......] SH:  0 Dex: 14

rFire   + + .      SeeInvis .    w - staff of fire
rCold   + . .      Faith    .    (no shield)
rNeg    . . .      Spirit   .    J - +1 leather armour of the Tethered Seer {rC+, Evo, Self} (curse)
rPois   ∞          Reflect  .    c - +0 hat
rElec   .          Harm     .    (no cloak)
rCorr   .          Rampage  .    (no gloves)
Will    .....                    (boots unavailable)
Stlth   ++                       (no amulet)
HPRegen 0.29/turn                q - ring of ice
MPRegen 0.00/turn                (no ring)

@: flying
A: sickness immunity, fire resistance 2, cold vulnerability 1, float, innate
caster, HP casting, extra vitality 1
a: Renounce Religion, Shatter the Chains


You were on level 7 of the Dungeon.
You worshipped Ashenzari.
Ashenzari was noncommittal.
You visited 2 branches of the dungeon, and saw 8 of its levels.

You collected 465 gold pieces.

Inventory:

Hand Weapons
 a - a +0 dagger
 C - a +4 hand axe
Missiles
 o - 15 poisoned darts
Armour
 b - a +0 robe
 c - a +0 hat (worn)
 g - a +0 ring mail
 m - a +0 leather armour
 p - the +1 leather armour "Umnisul" {Dex+5}
   (You found it on level 2 of the Dungeon)

   Dex:       It affects your dexterity (+5).
 D - a +4 chain mail of willpower
 J - the cursed +1 leather armour of the Tethered Seer (worn) {rC+, Evo, Self}
   (You took it off an orc on level 5 of the Dungeon)

   It has a curse which improves the following skills: Evocations: Evocations.
   Introspection: Fighting and Spellcasting.
 K - a +0 kite shield
Magical Staves
 w - a staff of fire (weapon)
Jewellery
 q - a ring of ice (left hand)
Wands
 s - a wand of acid (6)
 M - a wand of flame (17)
Scrolls
 h - 3 scrolls of poison {unknown}
 j - 5 scrolls of identify {unknown}
 n - a scroll of torment {unknown}
 t - 2 scrolls of immolation {unknown}
 u - 3 scrolls of enchant armour {unknown}
 v - 4 scrolls of fear {unknown}
 x - a scroll of noise {unknown}
 y - 3 scrolls of acquirement {unknown}
 A - 3 scrolls of vulnerability {unknown}
 B - a scroll of magic mapping {unknown}
 E - 4 scrolls of fog {unknown}
 F - a scroll of brand weapon {unknown}
 G - a scroll of enchant weapon {unknown}
 H - 2 scrolls of butterflies {unknown}
 L - a scroll of silence {unknown}
Potions
 d - a potion of magic
 e - 2 potions of degeneration {unknown}
 f - 2 potions of flight {unknown}
 i - 3 potions of mutation {unknown}
 k - a potion of resistance {unknown}
 l - 4 potions of curing {unknown}
 r - 2 potions of might {unknown}
 z - 2 potions of haste {unknown}
 I - a potion of cancellation {unknown}


   Skills:
 + Level 1.1(1.4) Fighting
 + Level 0.3 Short Blades
 + Level 2.5 Armour
 + Level 3.5 Dodging
 - Level 1.5 Stealth
 * Level 9.3(9.7) Spellcasting


You had 9 spell levels left.
You knew the following spells:

 Your Spells              Type           Power      Damage    Failure   Level
a - Magic Dart            Conj           100%       1d8       1%          1
b - Slow                  Hex            100%       N/A       1%          1
c - Blink                 Tloc           82%        N/A       1%          2
d - Call Imp              Summ           41%        N/A       1%          2
e - Mephitic Cloud        Conj/Pois/Air  41%        N/A       1%          3
f - Foxfire               Conj/Fire      100%       2x1d9     1%          1
g - Wereblood             Tmut           41%        N/A       1%          2
h - Lesser Beckoning      Tloc           82%        N/A       1%          2
i - Petrify               Tmut/Erth      41%        N/A       1%          4
Your spell library was empty.

Dungeon Overview and Level Annotations

Branches:
Dungeon (7/15)             Temple (1/1) D:6

Altars:
Ashenzari
Cheibriados
Dithmenos
Fedhas
Hepliaklqana
Nemelex Xobeh
Qazlal
Ru
Trog
Uskayaw
Wu Jian
Xom
Yredelemnul
Zin
The Shining One

Annotations:
D:3 1 runed translucent door, Crazy Yiuf
D:7 Joseph


Innate Abilities, Weirdness & Mutations

You are immune to sickness and miasma.
You are immune to poison.
Your flesh is very heat resistant. (rF++)
You are vulnerable to cold. (rC-)
You float through the air rather than walking.
You learn spells naturally, not from books.
Your magical power is your life essence.
You have superior vitality. (+4 MHP)


Message History

Your white imp gestures at Joseph.
The puff of frost hits Joseph.
You are too injured to fight recklessly!
You are too injured to fight recklessly!
Casting: Foxfire (safe; 1% risk of failure)
Press: ? - help, Q - select action, (/) - cycle Dir - look around, f - activate You feel a surge of power!
You conjure some foxfire!
Joseph is engulfed in noxious fumes.
Joseph appears confused.
Your white imp hits Joseph but does no damage.
Casting: Foxfire (safe; 1% risk of failure)
Press: ? - help, Q - select action, (/) - cycle Dir - look around, f - activate You feel a surge of power!
You conjure some foxfire!
The foxfire hits Joseph.
Joseph is moderately wounded.
The foxfire hits Joseph.
Joseph is moderately wounded.
Joseph is engulfed in noxious fumes.
Joseph appears confused.
Joseph asks, "What the hell are we doing here?
Hmm, I see..."
Your white imp hits Joseph but does no damage.
Casting: Foxfire (safe; 1% risk of failure)
Press: ? - help, Q - select action, (/) - cycle Dir - look around, f - activate You feel a surge of power!
You conjure some foxfire!
The foxfire hits Joseph.
Joseph is moderately wounded.
The foxfire hits Joseph.
Joseph is heavily wounded.
Joseph unwields a +0 sling.
Joseph wields a +0 quarterstaff.
Joseph hits you with a +0 quarterstaff!!
* * * LOW HITPOINT WARNING * * *
Your white imp hits Joseph but does no damage.
Casting: Foxfire (safe; 1% risk of failure)
Press: ? - help, Q - select action, (/) - cycle Dir - look around, f - activate You feel a surge of power!
You conjure some foxfire!
* * * LOW HITPOINT WARNING * * *
The foxfire hits Joseph but does no damage.
Joseph is heavily wounded.
The foxfire hits Joseph.
Joseph is heavily wounded.
Joseph hits you with a +0 quarterstaff!
You die...

..##..####....
.##..##
#...........# 8#...#
##...........#
.....#
..............#
...###.#
#......°..?.#
.......#
#...........#
.....###
#.....○....# .).#.#
#.....5@..# ).....#
#......@v.#
##.#...###)....§§v.#
##.##...##.........#
##...#..##.........#
####.#..#..........#
.#.....<..####.#####
...........# #.#
###...#.#..# #.#
####....#.####.#


You could see Joseph (confused, ally target) and a friendly white imp
(summoned).

Vanquished Creatures
  A water moccasin (D:6)
  2 black bears
  2 ice beasts
  A sky beast (D:6)
  3 ogres
  A centaur (D:5)
  3 bullfrogs (D:7)
  7 scorpions
  A necrophage (D:5)
  3 wights (D:7)
  4 hounds
  2 jellies
  2 orc priests
  2 iguanas
  4 orc wizards
  Terence (D:3)
  4 adders
  5 gnolls
  A shadow imp (D:5)
  3 white imps
  3 worms
  A dart slug (D:1)
  19 orcs
  6 endoplasms
  7 giant cockroaches
  5 goblins
  6 hobgoblins
  11 jackals
  5 quokkas
  6 ball pythons
  A bat (D:2)
  A frilled lizard (D:2)
  4 kobolds
  7 rats
134 creatures vanquished.

Vanquished Creatures (others)
  A hound (D:6)
  485 foxfires
486 creatures vanquished.

Grand Total: 620 creatures vanquished

Notes
Turn   | Place    | Note
-------+----------+-------------------------------------------
     0 | D:1      | jimonade the Djinni Hedge Wizard began the quest for the
                  | Orb.
     0 | D:1      | jimonade set off with the following spells memorised: Magic
                  | Dart, Slow, Blink, Call Imp, Mephitic Cloud.
     0 | D:1      | Reached XP level 1. HP: 15/15 MP: 0/0
   172 | D:1      | Reached XP level 2. HP: 16/21 MP: 0/0
   384 | D:1      | Reached skill level 3 in Spellcasting
   476 | D:1      | Reached XP level 3. HP: 24/25 MP: 0/0
   476 | D:1      | Learned a level 1 spell: Foxfire
  1125 | D:2      | Identified the +1 leather armour "Umnisul" {Dex+5}
  1421 | D:2      | Reached XP level 4. HP: 19/31 MP: 0/0
  1997 | D:3      | Found a stormy altar of Qazlal.
  2177 | D:3      | Reached skill level 4 in Spellcasting
  2179 | D:3      | Reached XP level 5. HP: 27/35 MP: 0/0
  2179 | D:3      | Learned a level 2 spell: Wereblood
  2321 | D:3      | Found a basalt altar of Yredelemnul.
  2321 | D:3      | Noticed Terence
  2347 | D:3      | Killed Terence
  2573 | D:3      | Found a runed translucent door.
  2574 | D:3      | Noticed Crazy Yiuf
  2820 | D:4      | Found a sacrificial altar of Ru.
  2826 | D:4      | Reached XP level 6. HP: 37/40 MP: 0/0
  3092 | D:4      | Noticed an ogre
  3100 | D:4      | Killed an ogre
  3101 | D:4      | Reached skill level 5 in Spellcasting
  3241 | D:4      | Noticed an ogre
  3245 | D:4      | Killed an ogre
  3246 | D:4      | Reached XP level 7. HP: 32/45 MP: 0/0
  3246 | D:4      | Learned a level 2 spell: Lesser Beckoning
  3444 | D:4      | Reached skill level 6 in Spellcasting
  3761 | D:5      | Entered Level 5 of the Dungeon
  3775 | D:5      | Reached XP level 8. HP: 38/51 MP: 0/0
  3788 | D:5      | Reached skill level 7 in Spellcasting
  4545 | D:6      | Reached skill level 8 in Spellcasting
  4763 | D:6      | Found a staircase to the Ecumenical Temple.
  4770 | D:6      | Reached skill level 1 in Armour
  4770 | D:6      | Reached XP level 9. HP: 33/56 MP: 0/0
  4770 | D:6      | Learned a level 4 spell: Petrify
  4774 | Temple   | Entered the Ecumenical Temple
  5003 | Temple   | Became a worshipper of Ashenzari the Shackled
  5778 | D:7      | Found a sparkling altar of Nemelex Xobeh.
  5779 | D:7      | Found a glowing golden altar of the Shining One.
  5794 | D:7      | Reached skill level 1 in Fighting
  5943 | D:7      | Found a snail-covered altar of Cheibriados.
  6052 | D:7      | Reached skill level 9 in Spellcasting
  6469 | D:7      | Noticed Joseph
  6479 | D:7      | Slain by Joseph

Illustrated notes

Levels and vault maps discovered:
D:1:      dpeg_arrival_prison, layout_loops_ring
D:2:      layout_basic
D:3:      layout_loops_cross, grunt_qazlal_clouds,
          mainiacjoe_overflow_six_doors_small, nicolae_titane,
          uniq_crazy_yiuf_cottage, uniq_terence
D:4:      layout_cave_pools, mainiacjoe_overflow_paths, kennysheep_donut
D:5:      layout_cave_pools, mrwooster_statue_mirror,
          minmay_misc_feat_secret_circle
D:6:      layout_loops_ring, minmay_temple_entry_junction,
          kennysheep_another_room, minmay_pentangle
D:7:      layout_rooms, cheibriados_altar_1, jmf_multi_god_temple, uniq_joseph
Temple:   hellmonk_temple_flake

Skill      XL: |  1  2  3  4  5  6  7  8  9 |
---------------+----------------------------+-----
Spellcasting   | 3 4 5 6 8 9 |  9.3
Dodging        | 3 |  3.5
Armour         | 1 2 |  2.5
Fighting       | 1 |  1.1
Short Blades   | |  0.3
Stealth        | |  1.5

Action                     |  1- 3 |  4- 6 |  7- 9 || total
---------------------------+-------+-------+-------++-------
  Melee: Dagger            |     6 |     2 |       ||     8
   Cast: Magic Dart        |    88 |     8 |     7 ||   103
         Mephitic Cloud    |     1 |     4 |    11 ||    16
         Foxfire           |       |    72 |   218 ||   290
         Call Imp          |       |       |     3 ||     3
         Slow              |       |       |     1 ||     1
         Blink             |       |       |     1 ||     1
 Invoke: Curse Item        |       |       |     1 ||     1
   Stab: Confused          |     1 |       |       ||     1
 Armour: Robe              |     6 |     2 |     1 ||     9
         Leather armour    |       |       |    15 ||    15
  Dodge: Dodged            |    24 |     7 |    33 ||    64

Table legend: (Time is in decaauts)
 A = Elapsed time spent in this place.
 B = Non-inter-level travel time spent in this place.
 C = Inter-level travel time spent in this place.
 D = Time resting spent in this place.
 E = Time spent auto-exploring this place.
 F = Levels seen in this place.
 G = Mean time per level.
                   A        B        C        D        E       F      G
               +--------+--------+--------+--------+--------+-----+--------+
         Total |   6477 |   6169 |    308 |    371 |   4740 |   8 |  809.6 |
       Dungeon |   6239 |   5952 |    287 |    371 |   4537 |   7 |  891.3 |
        Temple |    238 |    217 |     21 |      0 |    203 |   1 |  238.0 |
               +--------+--------+--------+--------+--------+-----+--------+

Top non-repeatable levels by time:
     D:3: 1142 daAuts
     D:1: 1024 daAuts
     D:6: 903 daAuts
     D:4: 833 daAuts
     D:2: 829 daAuts
     D:5: 804 daAuts
     D:7: 700 daAuts
  Temple: 238 daAuts
